 Dungeon Crawl Stone Soup version 0.22.1-2-g9c5b331383 (webtiles) character file.

572 Adamkad1 the Covered (level 7, 52/64 HPs)
             Began as a Deep Dwarf Fighter on Jan 5, 2019.
             Quit the game on level 2 of the Dungeon.
             The game lasted 00:13:49 (7462 turns).

Adamkad1 the Covered (Deep Dwarf Fighter)           Turns: 7462, Time: 00:13:49

Health: 52/64      AC:  0    Str: 21 (22) XL:     7   Next: 12%
Magic:  8/8        EV: 11    Int:  5 (8)  God:
Gold:   65         SH:  0    Dex: 11 (12) Spells: 8/8 levels left

rFire    . . .     SeeInvis .   (no weapon)
rCold    . . .     Gourm    .   (no shield)
rNeg     . . .     Faith    .   (no armour)
rPois    .         Spirit   .   (no helmet)
rElec    .         Reflect  .   (no cloak)
rCorr    .         Harm     .   (no gloves)
MR       +....                  (no boots)
Stlth    +.........             (no amulet)
HPRegen  0.00/turn              (no ring)
MPRegen  0.11/turn              (no ring)

@: non-regenerating
A: damage resistance, heal wounds, sense surroundings 1, no regeneration
a: Heal Wounds


You were on level 2 of the Dungeon.
You were not hungry.

You visited 2 branches of the dungeon, and saw 5 of its levels.

You collected 93 gold pieces.
You paid 28 gold pieces to Gozag.

Inventory:

Hand Weapons
 a - a +0 flail
 u - a +2 mace of protection
Armour
 b - a +0 scale mail
 c - a +0 shield
 l - a +0 pair of gloves
 t - the +0 ring mail of Circular Logic {Str-3 Int+2 Dex+7}
   (You found it on level 4 of the Dungeon)

   It affects your strength (-3).
   It affects your intelligence (+2).
   It affects your dexterity (+7).
Scrolls
 e - 2 scrolls of teleportation {unknown}
 g - a scroll of fog {unknown}
 i - a scroll of remove curse {unknown}
 k - 4 scrolls of identify {unknown}
 m - 2 scrolls of random uselessness {unknown}
 o - a scroll of blinking {unknown}
 s - a scroll of amnesia {unknown}
 x - a scroll of magic mapping {unknown}
 y - a scroll of immolation {unknown}
Potions
 h - a potion of degeneration
 n - a potion of flight
 q - a potion of lignification
Comestibles
 f - 5 rations


   Skills:
 + Level 4.0 Fighting
 + Level 3.9 Maces & Flails
 * Level 5.4 Armour
 * Level 5.3 Shields
 + Level 1.4 Spellcasting


You had 8 spell levels left.
You didn't know any spells.
Your spell library was empty.

Dungeon Overview and Level Annotations

Branches:
Dungeon (4/15)             Temple (1/1) D:4

Altars:
Cheibriados
Elyvilon
Gozag
Kikubaaqudgha
Makhleb
Nemelex Xobeh
Trog
Vehumet
Xom
Zin
The Shining One

Annotations:
D:3 3 runed doors, highc0's ghost, amateur HaWr


Innate Abilities, Weirdness & Mutations

You are resistant to damage.
You can heal yourself by infusing magical energy.
You passively map a small area around you.
You do not regenerate.


Message History

The bat completely misses you. The bat hits you. The bat closely misses you.
The bat hits you. The bat completely misses you. The bat barely misses you.
The bat barely misses you. The bat hits you. The bat barely misses you. x2
The bat barely misses you. The bat hits you. x2
The bat hits you. The bat closely misses you. The bat closely misses you.
The bat hits you. The bat hits you. x2
The bat hits you. The bat barely misses you. The bat closely misses you.
The bat hits you. x2
The bat hits you. The bat barely misses you. The bat hits you. x2
The bat barely misses you. The bat closely misses you. The bat hits you. x2
The bat hits you. The bat closely misses you. The bat hits you.
The bat barely misses you. The bat hits you. The bat barely misses you.
The bat hits you. The bat closely misses you. The bat barely misses you.
The bat hits you.
Are you sure you want to abandon this character and quit the game? (Confirm

#.# #.##### #.#
#.##... #.# #......
######### #.# ####.#.
#.......###.#######)#.
#...........b.........
#.......####.######...
#.......>.............
#....@..###.#######>..
#...bb..# #.# ##..
#.......# #.# ##.
##.#..### #.# #(
#......###.## ##(
#..###.##.>.## ###..
#.. #.......## #....
##.###........###....
#...........รท.......


You could see 2 bats.

Vanquished Creatures
  Eustachio (D:4)
  An ogre (D:4)
  A howler monkey (D:4)
  3 hounds (D:4)
  2 iguanas (D:4)
  A worker ant (D:3)
  4 adders
  3 oozes
  2 worms (D:3)
  4 dart slugs
  2 leopard geckos
  7 orcs (D:3)
  3 giant cockroaches
  7 goblins
  4 hobgoblins
  10 jackals
  6 kobolds
  3 quokkas
  8 bats
  2 frilled lizards
  5 rats
79 creatures vanquished.

Notes
Turn   | Place    | Note
-------+----------+-------------------------------------------
     0 | D:1      | Adamkad1 the Deep Dwarf Fighter began the quest for the
                  | Orb.
     0 | D:1      | Reached XP level 1. HP: 20/20 MP: 1/1
    88 | D:1      | Reached XP level 2. HP: 27/27 MP: 2/2
   405 | D:1      | Reached XP level 3. HP: 22/34 MP: 3/3
   721 | D:2      | Found a snail-covered altar of Cheibriados.
  1160 | D:2      | Reached XP level 4. HP: 13/42 MP: 4/4
  1474 | D:3      | Noticed highc0's ghost (amateur HaWr)
  1498 | D:3      | Found a runed gate.
  1504 | D:3      | Found a runed gate.
  1505 | D:3      | Found a runed gate.
  2414 | D:3      | Reached XP level 5. HP: 25/49 MP: 4/4
  2619 | D:4      | Noticed Eustachio
  2669 | D:4      | Reached XP level 6. HP: 26/56 MP: 6/6
  2716 | D:4      | Killed Eustachio
  2716 | D:4      | Reached skill level 5 in Armour
  2716 | D:4      | Reached skill level 1 in Spellcasting
  2739 | D:4      | Got a transparent ring mail
  2750 | D:4      | Identified the +0 ring mail of Circular Logic {Str-3 Int+2
                  | Dex+7} (You found it on level 4 of the Dungeon)
  2822 | D:4      | Reached skill level 5 in Shields
  2828 | D:4      | Reached XP level 7. HP: 44/63 MP: 6/8
  2991 | D:4      | Found a staircase to the Ecumenical Temple.
  3001 | Temple   | Entered the Ecumenical Temple
  3097 | Temple   | Became a worshipper of Gozag Ym Sagoz the Greedy
  3486 | D:2      | Fell from the grace of Gozag
  5195 | D:2      | Paralysed by fainting for 9 turns
  6366 | D:2      | Paralysed by fainting for 7 turns
  7462 | D:2      | Quit the game

Skill      XL: |  1  2  3  4  5  6  7 |
---------------+----------------------+-----
Fighting       | 3 4 |  4.0
Maces & Flails | 3 |  3.9
Armour         | 4 5 |  5.4
Shields        | 4 5 |  5.3
Spellcasting   | 1 |  1.4

Action                   |  1- 3 |  4- 6 |  7- 9 || total
-------------------------+-------+-------+-------++-------
Melee: Flail             |   124 |    94 |       ||   218
       Mace              |       |   111 |    20 ||   131
Invok: Renounce Religion |       |       |     1 ||     1
 Abil: Heal Wounds       |       |     4 |       ||     4
  Use: Potion            |       |     1 |     9 ||    10
  Eat: Chunk             |       |     7 |     1 ||     8
       Ration            |       |       |     4 ||     4
Armor: Scale mail        |   245 |   133 |       ||   378
       Ring mail         |       |     3 |   166 ||   169
       Skin              |       |       |    82 ||    82
Dodge: Dodged            |   159 |    96 |  4863 ||  5118
Block: Shield            |   226 |   160 |   193 ||   579
